 Dungeon Crawl Stone Soup version 0.28-a0-224-g76b539d98b (webtiles) character file.

Game seed: 3129696205859329056

2221 spicyOOTC the Covered (level 9, -4/57 HPs)
             Began as a Gargoyle Berserker on Aug 21, 2021.
             Was an Elder of Trog.
             Killed by divine providence
             ... invoked by an orc priest
              (17 damage)
             ... on level 7 of the Dungeon.
             The game lasted 00:24:41 (7513 turns).

spicyOOTC the Covered (Gargoyle Berserker)          Turns: 7513, Time: 00:24:42

Health: -4/57      AC: 18    Str: 21    XL:     9   Next: 35%
Magic:  9/9        EV: 12    Int:  8    God:    Trog [****..]
Gold:   238        SH:  0    Dex: 12    Spells: 8/8 levels left

rFire   . . .      SeeInvis +   b - +1 hand axe (elec)
rCold   . . .      Faith    .   (no shield)
rNeg    + . .      Spirit   .   i - +2 leather armour {rPois}
rPois   ∞          Reflect  .   G - +0 helmet
rElec   +          Harm     .   E - +2 cloak
rCorr   .          Rampage  .   (no gloves)
Will    ++...                   u - +0 pair of boots
Stlth   +.........              (no amulet)
HPRegen 1.19/turn               L - ring of see invisible
MPRegen 0.11/turn               (no ring)

@: strong-willed, regenerating
A: sickness immunity, AC +6, negative energy resistance 1, electricity
resistance, torment resistance 1, petrification resistance
a: Renounce Religion, Berserk, Trog's Hand, Brothers in Arms


You were on level 7 of the Dungeon.
You worshipped Trog.
Trog was greatly pleased with you.
You visited 1 branch of the dungeon, and saw 7 of its levels.

You collected 363 gold pieces.
You spent 125 gold pieces at shops.

Inventory:

Hand Weapons
 a - a +0 flail of protection
   (You took it off Edmund on level 4 of the Dungeon)
 b - a +1 hand axe of electrocution (weapon)
   (You took it off an orc on level 5 of the Dungeon)
 e - a +0 quarterstaff
   (You found it on level 3 of the Dungeon)
 y - a +0 mace
Missiles
 c - 2 boomerangs
 d - 340 stones
 g - 92 arrows
 t - 8 poisoned darts (quivered)
 w - 51 bolts
 J - 46 sling bullets
 K - a throwing net {!d !f =f}
Armour
 i - a +2 leather armour of poison resistance (worn)
   (You found it on level 1 of the Dungeon)
 u - a +0 pair of boots (worn)
   (You found it on level 3 of the Dungeon)
 A - the +0 scale mail of the Kraken {rCorr Stlth+}
   (You found it on level 4 of the Dungeon)

   rCorr:     It protects you from acid and corrosion.
   Stlth:     It makes you more stealthy.
 E - a +2 cloak (worn)
   (You found it on level 5 of the Dungeon)
 G - a +0 helmet (worn)
   (You took it off Robin on level 4 of the Dungeon)
 N - a +0 buckler
   (You found it on level 7 of the Dungeon)
Jewellery
 D - an amulet of faith {!P}
   (You found it on level 4 of the Dungeon)
 L - a ring of see invisible (left hand)
   (You found it on level 6 of the Dungeon)
Wands
 M - a wand of acid (9)
   (You found it on level 7 of the Dungeon)
Scrolls
 f - 2 scrolls of amnesia {unknown}
 h - 3 scrolls of enchant weapon {unknown}
 j - a scroll of summoning {unknown}
 m - a scroll of fear {unknown}
 o - 2 scrolls of immolation {unknown}
 p - 3 scrolls of fog {unknown}
 q - a scroll of magic mapping {unknown}
 s - 2 scrolls of holy word {unknown}
 v - a scroll of blinking {unknown}
 x - 2 scrolls of vulnerability {unknown}
 z - 2 scrolls of noise {unknown}
 B - 3 scrolls of enchant armour {unknown}
 F - 2 scrolls of teleportation {unknown}
Potions
 k - 3 potions of heal wounds {@q2}
 l - a potion of attraction {unknown}
 n - a potion of magic {unknown}
 r - 3 potions of resistance
 C - a potion of haste {@q3}
 H - 5 potions of flight {unknown}
 I - a potion of lignification {unknown}


   Skills:
 + Level 7.1 Fighting
 + Level 2.9(4.6) Axes
 - Level 6.0(7.1) Maces & Flails
 - Level 4.4(6.0) Staves
 - Level 2.0 Throwing
 + Level 7.5 Armour
 - Level 2.0 Dodging


You had 8 spell levels left.
You didn't know any spells.
Your spell library contained the following spells:

 Spells                   Type           Power      Damage    Failure   Level
 Beastly Appendage        Tmut           0%         N/A       45%         1
 Summon Small Mammal      Summ           0%         N/A       45%         1
 Passwall                 Tmut/Erth      0%         N/A       58%         2
 Wereblood                Tmut           0%         N/A       58%         2
 Call Canine Familiar     Summ           0%         N/A       83%         3
 Gell's Gravitas          Tloc           0%         N/A       83%         3
 Spider Form              Tmut/Pois      0%         N/A       83%         3
 Summon Guardian Golem    Hex/Summ       0%         N/A       83%         3
 Swiftness                Air            0%         N/A       83%         3
 Teleport Other           Tloc           0%         N/A       83%         3
 Dispersal                Tloc           0%         N/A       100%        6
 Invisibility             Hex            0%         N/A       100%        6


Dungeon Overview and Level Annotations

Branches:
Dungeon (7/15)             Temple (0/1) D:5

Altars:
Wu Jian
The Shining One

Shops:
D:1 *   D:2 =[   D:4 [   D:7 *

Annotations:
D:7 Joseph


Innate Abilities, Weirdness & Mutations

You are immune to sickness and miasma.
Your stone body is resilient. (AC +6)
You are immune to poison.
You resist negative energy. (rN+)
You are resistant to electric shocks. (rElec)
You are resistant to unholy torment.
You are immune to petrification.


Message History

The orc misses you.
You hit the orc but do no damage. The orc hits you but does no damage.
You closely miss the orc. The orc closely misses you.
You slash the orc!
You kill the orc!
Trog accepts your kill.
No target in view!
No target in view!
You now have 208 gold pieces (gained 13).
Things that are here:
a +0 club; a +0 ring mail
Found Tifi's Overcharged Wands.
You now have 223 gold pieces (gained 15).
o - 2 scrolls labelled BIX QAHIJIHETT (gained 1)
w - 51 bolts (gained 24)
J - 46 sling bullets (gained 22)
There is an entrance to Tifi's Overcharged Wands here.
You can access your shopping list by pressing '$'.
Found a stone staircase leading down.
d - 340 stones (gained 16)
M - a wand of acid (9)
You now have 238 gold pieces (gained 15).
Found a stone staircase leading down.
You hit the killer bee zombie.
The killer bee zombie is lightly damaged.
The killer bee zombie hits you but does no damage.
You hit the killer bee zombie.
The killer bee zombie is lightly damaged.
The killer bee zombie hits you but does no damage.
The killer bee zombie misses you.
You barely miss the killer bee zombie.
The killer bee zombie is lightly damaged.
The killer bee zombie hits you.
The killer bee zombie hits you but does no damage.
You hit the killer bee zombie.
The killer bee zombie is lightly damaged.
The killer bee zombie hits you but does no damage.
The killer bee zombie misses you.
You closely miss the killer bee zombie.
The killer bee zombie is lightly damaged.
The killer bee zombie barely misses you.
The killer bee zombie misses you.
You closely miss the killer bee zombie.
The killer bee zombie is lightly damaged.
The killer bee zombie hits you but does no damage.
The killer bee zombie closely misses you.
You hit the killer bee zombie.
The killer bee zombie is moderately damaged.
The killer bee zombie closely misses you.
The killer bee zombie hits you but does no damage.
You hit the killer bee zombie.
The killer bee zombie is heavily damaged.
The killer bee zombie barely misses you.
The killer bee zombie hits you but does no damage.
You closely miss the killer bee zombie.
The killer bee zombie is heavily damaged.
The killer bee zombie hits you but does no damage. x2
You hit the killer bee zombie.
The killer bee zombie is heavily damaged.
The killer bee zombie hits you but does no damage.
The killer bee zombie barely misses you.
You closely miss the killer bee zombie.
The killer bee zombie is heavily damaged.
The killer bee zombie barely misses you.
You slash the killer bee zombie!
The killer bee zombie is almost destroyed.
The killer bee zombie hits you but does no damage.
The killer bee zombie barely misses you.
You slash the killer bee zombie!
You destroy the killer bee zombie!
Trog accepts your kill.
No target in view!
No target in view!
No target in view!
No target in view!
No target in view!
No target in view!
No target in view!
HP restored.
The orc shouts!
The orc priest shouts!
The orc priest invokes the aid of Beogh against you.
Beogh smites you!
You see here a +0 buckler.
N - a +0 buckler Joseph, a Mercenary comes into view.
He is wielding a +0 quarterstaff and wearing a +4 ring mail of cold resistance.
Joseph shouts!
Joseph unwields a +0 quarterstaff.
Joseph wields a +0 hunting sling.
Joseph shoots a sling bullet.
The sling bullet hits you but does no damage.
Joseph shoots a sling bullet.
The sling bullet hits you!
Joseph shoots a sling bullet.
The sling bullet hits you!
* * * LOW HITPOINT WARNING * * *
Joseph shoots a sling bullet.
The sling bullet hits you!
* * * LOW HITPOINT WARNING * * *
Your skin crawls.
You feel strong-willed.
The orc priest invokes the aid of Beogh against you.
Beogh smites you!
You die...

........░...░..........
.....░░.░.░.░..........░
..░░........░......@...░
..░....................░
░░░.░░░...o.░..........░
░...░ ░...░.o..........░
..░░░░░...░░...........░
.░░░.....o░░░.o.....░
).....o░░..░░░░░@...░
.......░░░.░ ░....░
..░....░ ░..░ ░░...░
..░░░o░░░░░.░░ ...░ .░░
░....░░...░░░...░ .░
░.░░........░...░ .░
░(.░░░......<.░░░░ .░
░.░░ ...........░ .░ ░.
...o......).░


You could see Joseph, an orc priest and 2 orcs.

Vanquished Creatures
  Prince Ribbit (D:6)
  Sigmund (D:5)
  Eustachio (D:4)
  Edmund (D:4)
  A water moccasin (D:3)
  2 sky beasts
  An ogre (D:6)
  2 centaurs
  A phantom (D:5)
  A bullfrog (D:6)
  4 scorpions
  A centaur zombie (D:6)
  A jelly (D:5)
  6 hounds
  4 iguanas
  An orc wizard (D:5)
  A scorpion zombie (D:3)
  A killer bee zombie (D:7)
  3 hound zombies
  A hound skeleton (D:3)
  A howler monkey zombie (D:6)
  Robin (D:4)
  2 gnolls (D:5)
  8 adders
  4 river rats (D:5)
  A shadow imp (D:6)
  An adder zombie (D:3)
  A worm (D:2)
  5 dart slugs
  6 orcs
  4 bats
  7 endoplasms
  A giant cockroach (D:2)
  20 goblins
  4 hobgoblins
  7 jackals (D:2)
  7 kobolds
  7 quokkas
  10 ball pythons
  6 frilled lizards
  A quokka skeleton (D:3)
  3 rats
142 creatures vanquished.

Vanquished Creatures (others)
  41 plants
41 creatures vanquished.

Grand Total: 183 creatures vanquished

Notes
Turn   | Place    | Note
-------+----------+-------------------------------------------
     0 | D:1      | spicyOOTC the Gargoyle Berserker began the quest for the
                  | Orb.
     0 | D:1      | Reached XP level 1. HP: 14/14 MP: 1/1
   123 | D:1      | Found a faded altar of an unknown god.
   158 | D:1      | Found Acaismag's Assorted Antiques.
   512 | D:1      | Reached XP level 2. HP: 18/19 MP: 2/2
  1119 | D:1      | Bought a scroll labelled PEGIDIS PYICIKOL for 23 gold
                  | pieces
  1119 | D:1      | Bought a bubbling ruby potion for 20 gold pieces
  1161 | D:2      | Reached XP level 3. HP: 23/23 MP: 3/3
  1163 | D:2      | Reached skill level 2 in Dodging
  1331 | D:2      | Reached ** piety under Trog
  1391 | D:2      | Reached skill level 3 in Armour
  1391 | D:2      | Reached XP level 4. HP: 27/29 MP: 4/4
  1481 | D:2      | Reached skill level 4 in Fighting
  1518 | D:2      | Found Wogus's Armour Emporium.
  1688 | D:2      | Found Kuit's Jewellery Emporium.
  2319 | D:3      | Noticed a water moccasin
  2331 | D:3      | Killed a water moccasin
  2332 | D:3      | Reached skill level 4 in Maces & Flails
  2332 | D:3      | Reached XP level 5. HP: 34/34 MP: 5/5
  2415 | D:3      | Reached skill level 4 in Armour
  2508 | D:3      | You fall into a shaft and drop 1 floor!
  2527 | D:4      | Reached XP level 6. HP: 22/40 MP: 6/6
  2704 | D:4      | Found Cotofuk's Antique Armour Shoppe.
  2710 | D:4      | Noticed Edmund
  2735 | D:4      | Killed Edmund
  2736 | D:4      | Reached skill level 5 in Fighting
  2736 | D:4      | Reached skill level 5 in Maces & Flails
  2738 | D:4      | Reached *** piety under Trog
  2784 | D:4      | Noticed Robin
  2794 | D:4      | Killed Robin
  3011 | D:4      | Noticed Eustachio
  3026 | D:4      | Killed Eustachio
  3027 | D:4      | Reached skill level 5 in Armour
  3027 | D:4      | Reached XP level 7. HP: 41/44 MP: 7/7
  3054 | D:4      | Identified the +0 scale mail of the Kraken {rCorr Stlth+}
  3966 | D:1      | Bought 2 sapphire potions for 41 gold pieces
  3966 | D:1      | Bought 2 viscous yellow potions for 41 gold pieces
  4024 | D:3      | Found an ornate altar of the Wu Jian Council.
  4286 | D:3      | Reached skill level 6 in Maces & Flails
  4396 | D:5      | Entered Level 5 of the Dungeon
  4418 | D:5      | Reached skill level 1 in Staves
  4506 | D:5      | Reached skill level 2 in Staves
  4632 | D:5      | Reached skill level 3 in Staves
  4762 | D:5      | Reached XP level 8. HP: 49/49 MP: 8/8
  4809 | D:5      | Noticed Sigmund
  4819 | D:5      | Killed Sigmund
  4820 | D:5      | Reached skill level 4 in Staves
  5048 | D:5      | Reached skill level 6 in Armour
  5199 | D:5      | Found a glowing golden altar of the Shining One.
  5228 | D:5      | Found a staircase to the Ecumenical Temple.
  5615 | D:5      | Reached **** piety under Trog
  5692 | D:5      | Identified the +0 robe "Jotyw" {rElec rF+ Archmagi}
  5760 | D:5      | Reached skill level 6 in Fighting
  6246 | D:6      | Reached skill level 1 in Axes
  6477 | D:6      | Reached skill level 2 in Axes
  6477 | D:6      | Reached skill level 7 in Armour
  6477 | D:6      | Reached XP level 9. HP: 56/56 MP: 9/9
  6512 | D:6      | Reached skill level 1 in Throwing
  7098 | D:7      | Noticed Prince Ribbit
  7116 | D:6      | HP: 21/84 [Prince Ribbit (5)]
  7118 | D:6      | Killed Prince Ribbit
  7119 | D:6      | Reached skill level 7 in Fighting
  7375 | D:7      | Reached skill level 2 in Throwing
  7395 | D:7      | Found Tifi's Overcharged Wands.
  7508 | D:7      | Noticed Joseph
  7511 | D:7      | HP: 12/57 [Joseph/sling bullet (14)]
  7513 | D:7      | Killed from afar by an orc priest

Illustrated notes

Levels and vault maps discovered:
D:1:      minmay_arrival_three_doors, layout_basic,
          chequers_ecumenical_altar_island, serial_shops, shop
D:2:      layout_basic, serial_shops, shop_fountains, shop_fountains,
          minmay_fractal_squares_5
D:3:      minmay_inner_zag, layout_basic, nzn_wu_jian_contemplation,
          serial_undead, serial_undead_c, serial_undead_e, serial_undead_e,
          serial_undead_c, serial_undead_b, serial_undead_c
D:4:      layout_loops_ring, serial_shops, nicolae_stop_n_shop_1, serial_forest,
          infiniplex_forest_lined_room_2, infiniplex_forest_clump_medium,
          infiniplex_forest_lined_1, infiniplex_forest_clump_medium,
          infiniplex_forest_lined_room_3, infiniplex_forest_lined_corner,
          infiniplex_forest_zigzag_1, infiniplex_forest_clump_small, uniq_robin,
          uniq_eustachio, uniq_edmund
D:5:      wad_woods_stonehenge, layout_basic, minmay_temple_entry_junction,
          uniq_sigmund
D:6:      layout_loops_ring, uniq_blork_the_orc
D:7:      layout_rooms, nicolae_shop_overcharged_wands, uniq_prince_ribbit1,
          uniq_joseph

Skill      XL: |  1  2  3  4  5  6  7  8  9 |
---------------+----------------------------+-----
Dodging        | 2 |  2.0
Armour         | 3 4 5 7 |  7.5
Fighting       | 4 5 6 7 |  7.1
Maces & Flails | 4 5 6 |  6.0
Staves         | 3 4 |  4.4
Axes           | 2 |  2.9
Throwing       | 2 |  2.0

Action                   |  1- 3 |  4- 6 |  7- 9 || total
-------------------------+-------+-------+-------++-------
Melee: Mace              |    74 |   158 |       ||   232
       Flail             |       |    17 |   260 ||   277
       Hand axe          |       |       |    84 ||    84
Throw: Boomerang         |    10 |     2 |       ||    12
       Dart              |       |    12 |    16 ||    28
Invok: Berserk           |     2 |     4 |     4 ||    10
       Trog's Hand       |       |     1 |     2 ||     3
  Use: Scroll            |       |       |     4 ||     4
Armor: Animal skin       |     2 |       |       ||     2
       Leather armour    |    31 |   107 |   177 ||   315
Dodge: Dodged            |    55 |   130 |   212 ||   397

Table legend: (Time is in decaauts)
 A = Elapsed time spent in this place.
 B = Non-inter-level travel time spent in this place.
 C = Inter-level travel time spent in this place.
 D = Time resting spent in this place.
 E = Time spent auto-exploring this place.
 F = Levels seen in this place.
 G = Mean time per level.
                   A        B        C        D        E       F      G
               +--------+--------+--------+--------+--------+-----+--------+
         Total |   7685 |   6954 |    731 |    615 |   4763 |   7 | 1097.9 |
       Dungeon |   7685 |   6954 |    731 |    615 |   4763 |   7 | 1097.9 |
               +--------+--------+--------+--------+--------+-----+--------+

Top non-repeatable levels by time:
     D:5: 1606 daAuts
     D:2: 1237 daAuts
     D:1: 1216 daAuts
     D:6: 1186 daAuts
     D:4: 1141 daAuts
     D:3: 1133 daAuts
     D:7: 163 daAuts

Table legend:
 A = Kills in this place as a percentage of kills in entire the game.
 B = Kills by you in this place as a percentage of kills by you in the entire game.
 C = Kills by friends in this place as a percentage of kills by friends in the entire game.
 D = Other kills in this place as a percentage of other kills in the entire game.
 E = Experience gained in this place as a percentage of experience gained in the entire game.
 F = Experience gained in this place divided by the number of levels of this place that you have seen.
                   A       B       C       D       E      F
               +-------+-------+-------+-------+-------+----------------------
         Total | 100.0 | 100.0 |   N/A |   N/A | 100.0 | 453.3
       Dungeon | 100.0 | 100.0 |   N/A |   N/A | 100.0 | 453.3
               +-------+-------+-------+-------+-------+----------------------
